Map: Oceanborn LE

Players

Krystianer

  • Race: Protoss Protoss
  • Spawn Location: 11:00

CoffeeAme - Winner!

  • Race: Terran Terran
  • League: Master
  • Spawn Location: 5:00

VOD

Have the link to the VOD?

Description

Time

  • Played on: Dec. 18, 2023, 2:48 p.m.
  • Length: 9:40
Show
View Real Time Build Order
Export as new Build Order

Krystianer Protoss 

Build Orders: 1 Gate Expand, Double Forge, Blink Stalkers 

Get SALT Encoding   

  12  0:00  Probe  
  13  0:12  Probe  
  14  0:16  Pylon  
  14  0:24  Probe (Chrono Boost)  
  16  0:35  Gateway  
  16  0:36  Probe (Chrono Boost)  
  16  0:42  Probe (Chrono Boost)  
  16  0:45  Assimilator  
  17  0:50  Probe  
  18  1:03  Probe  
  19  1:15  Probe  
  20  1:22  Nexus  
  20  1:31  Cybernetics Core  
  20  1:35  Probe  
  21  1:40  Assimilator  
  21  1:47  Probe  
  21  1:51  Pylon  
  22  1:59  Probe  
  23  2:06  Adept (Chrono Boost)  
  23  2:08  Warp Gate  
  23  2:12  Probe  
  26  2:18  Twilight Council  
  26  2:24  Probe (Chrono Boost)  
  26  2:29  Stalker  
  29  2:34  Probe (Chrono Boost)  
  31  2:37  Probe (Chrono Boost)  
  31  2:43  Probe (Chrono Boost)  
  32  2:44  Probe (Chrono Boost)  
  32  2:48  Probe (Chrono Boost)  
  34  2:51  Probe  
  35  3:00  Probe  
  35  3:03  Probe  
  35  3:04  Stalker  
  39  3:12  Blink (Chrono Boost), Probe  
  40  3:16  Probe  
  40  3:17  Gateway  
  41  3:22  Robotics Facility  
  41  3:24  Probe  
  42  3:28  Probe  
  42  3:31  Pylon  
  43  3:36  Probe  
  43  3:40  Probe  
  43  3:48  Nexus  
  43  3:49  Probe  
  43  3:52  Probe  
  45  3:56  Stalker  
  45  4:01  Probe  
  45  4:02  Pylon  
  48  4:04  Probe  
  49  4:11  Stalker  
  49  4:13  Observer, Probe  
  49  4:16  Probe  
  53  4:20  Stalker  
  54  4:25  Probe  
  54  4:28  Probe  
  55  4:33  Pylon  
  55  4:44  Forge  
  55  4:45  Forge  
  55  4:49  Assimilator  
  55  4:51  Probe (Chrono Boost)  
  55  4:52  Probe (Chrono Boost)  
  57  5:02  Probe x3 (Chrono Boost)  
  57  5:03  Stalker  
  62  5:08  Stalker  
  62  5:09  Probe (Chrono Boost)  
  62  5:10  Probe x2 (Chrono Boost)  
  67  5:14  Probe (Chrono Boost)  
  67  5:17  Protoss Ground Armor Level 1, Protoss Ground Weapons Level 1  
  67  5:19  Probe  
  67  5:20  Probe  
  70  5:26  Probe  
  71  5:30  Gateway  
  71  5:32  Stalker x2  
  72  5:44  Gateway  
  72  5:45  Immortal (Chrono Boost)  
  72  5:46  Gateway  
  65  6:12  Pylon  
  65  6:14  Pylon  
  65  6:16  Pylon  
  61  6:20  Shield Battery  
  61  6:22  Pylon  
  60  6:32  Pylon  
  60  6:34  Pylon  
  60  6:35  Pylon  
  60  6:38  Probe  
  62  6:40  Probe  
  62  6:41  Stalker x3  
  62  6:50  Probe  
  62  6:52  Probe  
  58  7:00  Nexus  
  58  7:02  Stalker  
  58  7:03  Probe (Chrono Boost)  
  62  7:11  Stalker, Probe (Chrono Boost)  
  62  7:14  Probe (Chrono Boost)  
  65  7:18  Probe (Chrono Boost)  
  65  7:19  Probe (Chrono Boost)  
  65  7:21  Charge (Chrono Boost)  
  67  7:29  Probe  
  68  7:30  Probe, Pylon  
  69  7:41  Probe  
  69  7:43  Probe  
  69  7:44  Robotics Facility  
  70  7:53  Probe  
  70  7:55  Probe  
  68  7:58  Zealot x2  
  68  7:59  Zealot x2  
  68  8:00  Stalker  
  65  8:05  Probe  
  65  8:07  Probe  
  65  8:10  Shield Battery  
  66  8:17  Probe  
  66  8:19  Probe  
  68  8:21  Photon Cannon  
  68  8:26  Probe  
  68  8:29  Probe  
  68  8:31  Adept  
  68  8:32  Zealot  
  62  8:35  Zealot  
  62  8:40  Zealot  
  62  8:48  Observer (Chrono Boost)  
  59  8:51  Zealot x2  
  59  8:52  Probe  
  59  8:54  Probe x2  
  66  9:00  Zealot  
  63  9:05  Zealot x2  
  63  9:09  Probe  
  58  9:13  Probe  
  58  9:14  Zealot x2  
  55  9:19  Zealot  
  51  9:26  Zealot x2  
Show
View Real Time Build Order
Export as new Build Order

CoffeeAme Terran - Winner!

Build Orders: Gas First Reaper Expand, Liberator Opening 

Get SALT Encoding   

  12  0:00  SCV  
  13  0:12  SCV  
  14  0:16  Supply Depot  
  14  0:24  SCV  
  14  0:27  Refinery  
  15  0:38  SCV  
  16  0:44  Barracks  
  16  0:50  SCV  
  17  1:02  SCV  
  18  1:14  SCV  
  19  1:31  Orbital Command, Reaper  
  20  1:43  Command Center  
  20  1:53  Factory  
  20  1:57  SCV  
  21  2:03  Refinery  
  21  2:06  Barracks Reactor  
  21  2:09  SCV  
  21  2:14  Supply Depot  
  22  2:21  SCV  
  23  2:36  SCV  
  24  2:37  Starport  
  24  2:42  Marine x2, Widow Mine  
  28  2:48  SCV  
  29  2:56  Orbital Command  
  29  3:00  SCV, Marine x2  
  32  3:06  Widow Mine  
  34  3:14  Medivac  
  34  3:16  SCV  
  34  3:19  Orbital Command  
  37  3:20  Marine  
  37  3:21  Marine  
  39  3:28  Factory Tech Lab  
  39  3:33  SCV  
  40  3:36  Supply Depot  
  40  3:40  Marine x2  
  42  3:51  SCV x2  
  44  3:56  Supply Depot  
  44  3:58  Siege Tank, Liberator  
  44  3:59  Marine  
  44  4:00  Marine  
  52  4:03  SCV x2  
  54  4:14  Supply Depot  
  54  4:19  Marine  
  54  4:20  Marine  
  54  4:31  SCV  
  54  4:32  Siege Tank  
  54  4:35  Supply Depot x2  
  54  4:36  SCV  
  54  4:37  Marine x2  
  60  4:43  SCV  
  60  4:45  Barracks  
  61  4:46  Liberator  
  64  4:55  Marine x2, Barracks  
  64  4:56  SCV  
  64  4:57  SCV  
  68  5:05  Engineering Bay  
  68  5:07  Refinery  
  68  5:11  Siege Tank  
  68  5:13  SCV x2  
  73  5:20  Supply Depot, Marine x2  
  75  5:25  SCV  
  74  5:29  Starport Tech Lab  
  74  5:34  Barracks Tech Lab  
  74  5:37  Marine  
  74  5:38  Marine  
  74  5:40  Supply Depot, SCV x2  
  74  5:41  Refinery  
  75  5:54  SCV x2  
  75  5:55  Terran Infantry Weapons Level 1, Marine x2, Starport Reactor, Factory Reactor  
  69  6:04  Marine  
  69  6:05  Marine  
  69  6:11  Combat Shield  
  70  6:13  SCV x2  
  72  6:19  Stimpack  
  72  6:23  Marauder x2  
  75  6:27  Marine x2  
  75  6:31  SCV x2  
  71  6:43  Medivac x2  
  71  6:53  SCV x2  
  64  6:55  Bunker  
  64  6:56  Widow Mine x2  
  64  6:57  Armory  
  64  6:58  Marauder x2  
  64  6:59  Marine x2  
  73  7:11  Command Center  
  73  7:13  SCV x2  
  75  7:16  Marine  
  75  7:17  Widow Mine x2  
  75  7:22  Marauder x2  
  84  7:27  Medivac x2  
  88  7:30  Supply Depot  
  88  7:33  Supply Depot  
  88  7:37  Barracks  
  88  7:39  Barracks  
  88  7:44  Widow Mine  
  88  7:45  Marauder  
  92  7:56  Marauder  
  91  8:01  Marine  
  91  8:02  Marine, Widow Mine  
  91  8:04  SCV x2  
  97  8:06  Marauder, Widow Mine  
  97  8:09  Medivac x2  
  102  8:16  SCV x2  
  102  8:18  Marauder  
  104  8:23  Marine x2  
  106  8:27  Marauder  
  108  8:38  Marauder  
  108  8:39  Marauder  
  108  8:41  Marine  
  106  8:45  Widow Mine  
  106  8:46  SCV, Widow Mine  
  106  8:47  SCV  
  113  8:50  Ghost Academy  
  113  8:55  Marine  
  112  8:56  Barracks Reactor  
  112  8:58  Marauder  
  112  8:59  SCV x2, Marauder  
  112  9:00  Marauder  
  112  9:01  SCV  
  111  9:11  SCV  
  111  9:12  Widow Mine x2  
  111  9:16  SCV  
  111  9:23  SCV  
Tags
 
Add a new tag
Caveats
  • Supply blocks, unpowered buildings, or Contaminate may cause inaccurate times.
  • Supply counts are checked every 10 seconds.